 Dungeon Crawl Stone Soup version 0.22-a0-412-g2b68d14 (webtiles) character file.

87 galech the Covered (level 4, 0/38 HPs)
             Began as a Gnoll Wanderer on May 12, 2018.
             Slain by Verendum's ghost (3 damage)
             ... on level 3 of the Dungeon.
             The game lasted 00:04:38 (2412 turns).

galech the Covered (Gnoll Wanderer)                 Turns: 2412, Time: 00:04:39

Health: 0/38       AC:  8    Str: 15    XL:     4   Next: 51%
Magic:  7/7        EV: 13    Int: 14    God:
Gold:   113        SH:  0    Dex: 13    Spells: 5/5 levels left

rFire    + . .     SeeInvis .   b - +0 spear
rCold    + . .     Gourm    .   (no shield)
rNeg     . . .     Faith    .   e - +2 robe {rC+ rF+}
rPois    .         Spirit   .   (no helmet)
rElec    .         Reflect  .   (no cloak)
rCorr    .         Harm     .   j - +0 pair of gloves
MR       .....                  (no boots)
Stlth    ++........             (no amulet)
HPRegen  0.12/turn              k - -2 ring of dexterity (curse)
MPRegen  0.10/turn              l - +3 ring of protection

@: no status effects
A: distributed training, fangs 1, strong nose
a: no special abilities


You were on level 3 of the Dungeon.
You were not hungry.

You visited 1 branch of the dungeon, and saw 3 of its levels.

You collected 113 gold pieces.

Inventory:

Hand Weapons
 b - a +0 spear (weapon)
 c - a +0 quarterstaff
Armour
 e - a +2 robe of resistance (worn)
 j - a +0 pair of gloves (worn)
 m - a +0 troll leather armour
Jewellery
 k - a cursed -2 ring of dexterity (left hand)
 l - a +3 ring of protection (right hand)
 o - an uncursed ring of magical power
Wands
 a - a wand of enslavement (15)
Scrolls
 d - a scroll of teleportation
 g - 2 scrolls of immolation
 i - a scroll of remove curse
 q - a scroll of identify
Potions
 h - 2 potions of curing
 n - 2 potions of heal wounds {unknown}
 p - a potion of cancellation {unknown}
 s - a potion of might {unknown}
Comestibles
 f - 4 rations
 r - 2 chunks of flesh


   Skills:
 + Level 4.6 Fighting
 + Level 1.1 Short Blades
 + Level 1.1 Long Blades
 + Level 1.1 Axes
 + Level 1.1 Maces & Flails
 + Level 1.1 Polearms
 + Level 4.6 Staves
 + Level 1.1 Slings
 + Level 1.1 Bows
 + Level 1.1 Crossbows
 + Level 1.1 Throwing
 + Level 6.6 Armour
 + Level 2.7 Dodging
 + Level 1.1 Stealth
 + Level 1.1 Shields
 + Level 1.1 Unarmed Combat
 + Level 1.1 Spellcasting
 + Level 0.9 Conjurations
 + Level 0.9 Hexes
 + Level 0.9 Charms
 + Level 0.9 Summonings
 + Level 0.9 Necromancy
 + Level 0.9 Translocations
 + Level 0.9 Transmutations
 + Level 0.9 Fire Magic
 + Level 0.9 Ice Magic
 + Level 0.9 Air Magic
 + Level 0.9 Earth Magic
 + Level 0.9 Poison Magic
 + Level 1.2 Invocations
 + Level 4.6 Evocations


You had 5 spell levels left.
You didn't know any spells.
Your spell library was empty.

Dungeon Overview and Level Annotations

Branches:
Dungeon (3/15)

Altars:
Ashenzari
Hepliaklqana
Sif Muna

Annotations:
D:3 Verendum's ghost, novice OpFi


Innate Abilities, Weirdness & Mutations

Your experience applies equally to all skills.
You have very sharp teeth.
Your uncanny sense of smell can sniff out nearby items.


Message History

You are too injured to fight recklessly!
You are too injured to fight recklessly!
You are too injured to fight recklessly!
You are too injured to fight recklessly!
You are too injured to fight recklessly!
You are too injured to fight recklessly!
You are too injured to fight recklessly!
You are too injured to fight recklessly!
You barely miss Verendum's ghost.
You bite Verendum's ghost, but do no damage.
Verendum's ghost is moderately damaged.
Verendum's ghost hits you.
You miss Verendum's ghost.
Verendum's ghost is moderately damaged.
Verendum's ghost hits you!
* * * LOW HITPOINT WARNING * * *
You barely miss Verendum's ghost. You bite Verendum's ghost.
Verendum's ghost is moderately damaged.
Verendum's ghost hits you.
You die...

#........##..........
#...>.........##...
....#..###.#.## . ###
##.###.#..# ..
#..##.##.# ...
##.##.##.# ....
#......#.#.....
#...W...........
#..@..(.(####...
#..........#
###............ ....
#.[......###.. ....
##......#.# .....
..#......#... ...o..
.....##.......
K...... .#....
........
......o###......


You could see Verendum's ghost.

Vanquished Creatures
  2 adders (D:2)
  An ooze (D:2)
  An adder skeleton (D:3)
  2 leopard geckos (D:1)
  3 orcs (D:2)
  A ball python (D:2)
  4 giant cockroaches
  4 goblins
  6 hobgoblins
  7 kobolds
  A quokka (D:2)
  8 bats
  4 frilled lizards
  12 rats
56 creatures vanquished.

Notes
Turn   | Place    | Note
-------+----------+-------------------------------------------
     0 | D:1      | galech the Gnoll Wanderer began the quest for the Orb.
     0 | D:1      | galech set off with: a wand of enslavement (15), a +0 spear, a +0 quarterstaff, a +0 robe, a ration
     0 | D:1      | Reached XP level 1. HP: 20/20 MP: 3/3
   336 | D:1      | Reached XP level 2. HP: 26/26 MP: 5/5
   716 | D:1      | Reached XP level 3. HP: 27/31 MP: 6/6
  1176 | D:2      | Found a deep blue altar of Sif Muna.
  1213 | D:2      | Reached skill level 1 in Invocations
  1241 | D:2      | Found a shattered altar of Ashenzari.
  1548 | D:2      | Reached skill level 1 in Short Blades
  1548 | D:2      | Reached skill level 1 in Long Blades
  1548 | D:2      | Reached skill level 1 in Axes
  1548 | D:2      | Reached skill level 1 in Maces & Flails
  1548 | D:2      | Reached skill level 1 in Polearms
  1548 | D:2      | Reached skill level 1 in Slings
  1548 | D:2      | Reached skill level 1 in Bows
  1548 | D:2      | Reached skill level 1 in Crossbows
  1548 | D:2      | Reached skill level 1 in Throwing
  1548 | D:2      | Reached skill level 1 in Stealth
  1548 | D:2      | Reached skill level 1 in Shields
  1548 | D:2      | Reached skill level 1 in Unarmed Combat
  1548 | D:2      | Reached skill level 1 in Spellcasting
  1591 | D:2      | Reached XP level 4. HP: 38/38 MP: 7/7
  1976 | D:3      | Found a hazy altar of Hepliaklqana.
  2288 | D:3      | Noticed Verendum's ghost (novice OpFi)
  2412 | D:3      | Slain by Verendum's ghost

Vault maps used:
D:1:      lightli_arrival_noodles, columned_hall_lemuel
D:2:      ashenzari_altar_1, lemuel_blue_sif_altar, minmay_misc_feat_alley
D:3:      lemuel_crystal_altar

Skill      XL: |  1  2  3 |
---------------+----------+-----
Invocations    | 1 |  1.2
Short Blades   | 1 |  1.1
Long Blades    | 1 |  1.1
Axes           | 1 |  1.1
Maces & Flails | 1 |  1.1
Polearms       | 1 |  1.1
Slings         | 1 |  1.1
Bows           | 1 |  1.1
Crossbows      | 1 |  1.1
Throwing       | 1 |  1.1
Stealth        | 1 |  1.1
Shields        | 1 |  1.1
Unarmed Combat | 1 |  1.1
Spellcasting   | 1 |  1.1
Fighting       | |  4.6
Staves         | |  4.6
Armour         | |  6.6
Dodging        | |  2.7
Conjurations   | |  0.9
Hexes          | |  0.9
Charms         | |  0.9
Summonings     | |  0.9
Necromancy     | |  0.9
Translocations | |  0.9
Transmutations | |  0.9
Fire Magic     | |  0.9
Ice Magic      | |  0.9
Air Magic      | |  0.9
Earth Magic    | |  0.9
Poison Magic   | |  0.9
Evocations     | |  4.6

Action                   |  1- 3 |  4- 6 || total
-------------------------+-------+-------++-------
Melee: Spear             |   161 |    89 ||   250
       Bite              |    19 |    13 ||    32
  Use: Scroll            |     3 |     2 ||     5
       Potion            |       |     1 ||     1
 Stab: Sleeping          |     9 |     1 ||    10
  Eat: Chunk             |     2 |     3 ||     5
Armor: Robe              |    43 |    33 ||    76
Dodge: Dodged            |    79 |    78 ||   157

Table legend:
 A = Spawn XP
 B = Non-spawn XP
 C = Spawn XP percentage of total XP
 D = Spawn monster count
 E = Non-spawn monster count
 F = Spawn count percentage of total count
 G = Total turns spent on level
                    A         B        C        D         E        F      G
               +---------+---------+-------+---------+---------+-------+---------
         Total |       0 |     125 |   0.0 |       0 |      56 |   0.0 |  2412
               +---------+---------+-------+---------+---------+-------+---------
           D:1 |       0 |      42 |   0.0 |       0 |      26 |   0.0 |  1002
           D:2 |       0 |      76 |   0.0 |       0 |      27 |   0.0 |  1339
           D:3 |       0 |       7 |   0.0 |       0 |       3 |   0.0 |    71
               +---------+---------+-------+---------+---------+-------+---------
